 Dungeon Crawl Stone Soup version 0.27-a0-74-gebd156f8b4 (webtiles) character file.

Game seed: 12222543838931543581

104 thedisplayname the Skirmisher (level 4, -4/41 HPs)
             Began as a Hill Orc Fighter on Jan 11, 2021.
             Killed from afar by an orc wizard (6 damage)
             ... with a magic dart
             ... on level 3 of the Dungeon.
             The game lasted 00:02:59 (2206 turns).

thedisplayname the Skirmisher (Hill Orc Fighter)    Turns: 2206, Time: 00:03:01

Health: -4/41      AC:  7    Str: 19    XL:     4   Next: 80%
Magic:  4/4        EV:  7    Int:  8    God:
Gold:   154        SH:  9    Dex: 10    Spells: 3/3 levels left

rFire    . . .     SeeInvis .   a - +0 war axe
rCold    . . .     Faith    .   c - +0 kite shield
rNeg     . . .     Spirit   .   b - +0 scale mail
rPois    .         Reflect  .   (no helmet)
rElec    .         Harm     .   (no cloak)
rCorr    .         Rampage  .   (no gloves)
Will     .....                  (no boots)
Stlth    ..........             (no amulet)
HPRegen  0.13/turn              (no ring)
MPRegen  0.09/turn              (no ring)

@: brilliant, flying
A: no striking features
a: no special abilities


You were on level 3 of the Dungeon.
You visited 1 branch of the dungeon, and saw 3 of its levels.

You collected 154 gold pieces.

Inventory:

Hand Weapons
 a - a +0 war axe (weapon)
Armour
 b - a +0 scale mail (worn)
 c - a +0 kite shield (worn)
Scrolls
 f - 6 scrolls of enchant weapon {unknown}
 i - a scroll of noise {unknown}
 k - a scroll of amnesia {unknown}
 l - a scroll of random uselessness {unknown}
 m - a scroll of remove curse {unknown}
 o - a scroll of fear {unknown}
 p - a scroll of magic mapping {unknown}
 q - a scroll of immolation {unknown}
 r - a scroll of teleportation {unknown}
 s - a scroll of identify {unknown}
Potions
 d - 3 potions of might
 e - a potion of haste {unknown}
 g - 2 potions of flight
 h - a potion of berserk rage {unknown}
 n - 2 potions of curing {unknown}


   Skills:
 * Level 4.9 Fighting
 + Level 3.8 Axes
 + Level 3.9 Armour
 + Level 3.9 Shields


You had 3 spell levels left.
You didn't know any spells.
Your spell library was empty.

Dungeon Overview and Level Annotations

Branches:
Dungeon (3/15)

Altars:
Elyvilon
Ru
Wu Jian
Zin


Message History

The orc hits you with a +0 flail.
You hear some strange, mumbled words.
A puff of flame appears from out of thin air!
The puff of flame hits you!
* * * LOW HITPOINT WARNING * * *
It was a potion of flight.
You feel very buoyant.
You fly up into the air.
The orc wizard hits you but does no damage.
Something hits you.
* * * LOW HITPOINT WARNING * * *
You block the orc's attack.
Unknown command.
It was a potion of brilliance.
You feel clever all of a sudden.
The orc wizard hits you but does no damage.
You hear some strange, mumbled words.
A magic dart appears from out of thin air!
The magic dart hits you.
You die...

#...........#
##..............
#.......######.
#.......#
#.....)..
#.........
#..........
#........
#@o......
#{)o......
#...###### #...#
#...# #...#
#...# #...#


You could see an orc wizard (fast) and an orc.

Vanquished Creatures
  A worker ant zombie (D:2)
  2 adders (D:2)
  An adder zombie (D:2)
  2 adder skeletons (D:2)
  2 worms (D:2)
  A dart slug (D:1)
  2 leopard geckos (D:2)
  2 orcs (D:3)
  A bat skeleton (D:2)
  A bat zombie (D:2)
  3 giant cockroaches
  6 goblins
  4 hobgoblins
  3 jackals (D:2)
  A ball python skeleton (D:2)
  5 bats
  A frilled lizard (D:1)
  2 jackal skeletons (D:2)
  4 kobolds
  A leopard gecko zombie (D:2)
  11 rats
56 creatures vanquished.

Notes
Turn   | Place    | Note
-------+----------+-------------------------------------------
     0 | D:1      | thedisplayname the Hill Orc Fighter began the quest for the
                  | Orb.
     0 | D:1      | Reached XP level 1. HP: 19/19 MP: 1/1
   263 | D:1      | Reached XP level 2. HP: 27/27 MP: 2/2
   383 | D:1      | Reached skill level 4 in Fighting
  1094 | D:2      | Reached XP level 3. HP: 31/33 MP: 3/3
  1321 | D:2      | Found an ornate altar of the Wu Jian Council.
  1325 | D:2      | Found a glowing silver altar of Zin.
  1691 | D:2      | Reached XP level 4. HP: 41/41 MP: 4/4
  2143 | D:3      | Found a white marble altar of Elyvilon.
  2143 | D:3      | Found a sacrificial altar of Ru.
  2205 | D:3      | HP: 2/41 [something (1)]
  2206 | D:3      | Killed from afar by an orc wizard

Illustrated notes

Levels and vault maps discovered:
D:1:      nzn_arrival_settlement, layout_basic, minmay_rat_gold_closets
D:2:      layout_loops_corners, minitemple, serial_undead, serial_undead_a,
          serial_undead_c, serial_undead_d, serial_undead_a, serial_undead_c,
          serial_undead_d, serial_undead_c
D:3:      layout_basic, gammafunk_temple_overflow_pools,
          chequers_temple_overflow_statue_of_worship, okawaru_altar_gauntlet_db,
          uniq_ijyb

Skill      XL: |  1  2 |
---------------+-------+-----
Fighting       | 4 |  4.9
Axes           | 3 |  3.8
Armour         | |  3.9
Shields        | |  3.9

Action                   |  1- 3 |  4- 6 || total
-------------------------+-------+-------++-------
Melee: War axe           |   116 |    41 ||   157
  Use: Potion            |       |     2 ||     2
Armor: Scale mail        |    39 |    22 ||    61
Dodge: Dodged            |    29 |    14 ||    43
Block: Kite shield       |    60 |    35 ||    95

Table legend: (Time is in decaauts)
 A = Elapsed time spent in this place.
 B = Non-inter-level travel time spent in this place.
 C = Inter-level travel time spent in this place.
 D = Time resting spent in this place.
 E = Time spent auto-exploring this place.
 F = Levels seen in this place.
 G = Mean time per level.
                   A        B        C        D        E       F      G
               +--------+--------+--------+--------+--------+-----+--------+
         Total |   2272 |   2219 |     53 |      0 |   1790 |   3 |  757.3 |
       Dungeon |   2272 |   2219 |     53 |      0 |   1790 |   3 |  757.3 |
               +--------+--------+--------+--------+--------+-----+--------+

Top non-repeatable levels by time:
     D:2: 1086 daAuts
     D:1: 1038 daAuts
     D:3: 147 daAuts
